 Dungeon Crawl Stone Soup version 0.26-a0-519-gb2f46efeda (webtiles) character file.

Game seed: 9980330744682943199

1880 KristoblXynda the Nimble (level 8, 0/63 HPs)
             Began as a Spriggan Berserker on Aug 11, 2020.
             Was an Elder of Trog.
             Slain by Menkaure (12 damage)
             ... on level 7 of the Dungeon.
             The game lasted 00:12:26 (8148 turns).

KristoblXynda the Nimble (Spriggan Berserker)       Turns: 8148, Time: 00:12:27

Health: 0/63       AC: 24    Str: 19    XL:     8   Next: 91%
Magic:  18/18      EV:  4    Int: 10    God:    Trog [****..]
Gold:   395        SH:  0    Dex: 16    Spells: 7/7 levels left

rFire    . . .     SeeInvis +   k - +1 dagger (flame)
rCold    . . .     Faith    .   (shield restricted)
rNeg     + + +     Spirit   .   (armour currently unavailable)
rPois    +         Reflect  .   (helmet currently unavailable)
rElec    .         Harm     .   (cloak currently unavailable)
rCorr    .         NoTele   +   (gloves unavailable)
MR       +....                  (boots unavailable)
Stlth    ++++......             (no amulet)
HPRegen  0.20/turn              r - ring of magical power
MPRegen  0.16/turn              l - +6 ring of strength

@: tree-form, lightly drained
A: very small, unfitting armour, see invisible
a: Berserk, Trog's Hand, Brothers in Arms, Renounce Religion


You were on level 7 of the Dungeon.
You worshipped Trog.
Trog was greatly pleased with you.
You were a tree.
You visited 2 branches of the dungeon, and saw 8 of its levels.

You collected 395 gold pieces.

Inventory:

Hand Weapons
 k - a +1 dagger of flaming (weapon)
 y - a +2 dagger of venom
Armour
 b - a +1 animal skin (melded)
 v - a +0 cloak (melded)
 w - a +0 buckler
Jewellery
 l - a +6 ring of strength (right branch)
 r - a ring of magical power (left branch)
 u - a -4 ring of evasion
Wands
 t - a wand of iceblast (4)
Scrolls
 f - 2 scrolls of amnesia
 h - a scroll of blinking
 i - 7 scrolls of remove curse
 j - a scroll of fog
 m - a scroll of enchant armour
 n - a scroll of fear
 o - 9 scrolls of teleportation
 x - 3 scrolls of identify
Potions
 a - a potion of might
 c - 2 potions of flight
 d - 2 potions of lignification
 e - 8 potions of curing
 g - a potion of haste
 p - a potion of ambrosia
 q - a potion of berserk rage
 s - 3 potions of heal wounds
 z - a potion of invisibility {unknown}


   Skills:
 + Level 4.3(4.2) Fighting
 + Level 7.6(7.4) Short Blades
 + Level 9.8(9.7) Dodging
 + Level 9.5(9.3) Stealth


You had 7 spell levels left.
You didn't know any spells.
Your spell library contained the following spells:

 Spells                   Type           Power        Failure   Level
 Magic Dart               Conj           #...         36%         1
 Blink                    Tloc           N/A          50%         2
 Call Imp                 Summ           #.......     50%         2
 Slow                     Hex            #.......     50%         2
 Conjure Flame            Conj/Fire      #.......     75%         3
 Mephitic Cloud           Conj/Pois/Air  #.......     75%         3


Dungeon Overview and Level Annotations

Branches:
Dungeon (7/15)             Temple (1/1) D:4

Altars:
Ashenzari
Cheibriados
Dithmenos
Elyvilon
Fedhas
Hepliaklqana
Kikubaaqudgha
Makhleb
Nemelex Xobeh
Okawaru
Qazlal
Ru
Sif Muna
Trog
Vehumet
Wu Jian
Xom
Yredelemnul
Zin
The Shining One

Shops:
D:7 =

Annotations:
D:6 2 transporters, Vruhakk's ghost, novice HOFi
D:7 Menkaure


Innate Abilities, Weirdness & Mutations

You are very small and have problems with some larger weapons.
You are too small for most types of armour.
You have supernaturally acute eyesight. (SInv)
((You cover ground extremely quickly.))


Message History

Menkaure is severely damaged.
You kill the hog!
Trog accepts your kill. Menkaure hits you but does no damage.
You hit Menkaure. You burn Menkaure.
Menkaure is almost destroyed.
Menkaure hits you!
You hit Menkaure. You burn Menkaure.
Menkaure is almost destroyed.
You barely miss Menkaure.
Menkaure is almost destroyed.
Menkaure hits you!
You hit Menkaure but do no damage.
Menkaure is almost destroyed.
Menkaure hits you!
* * * LOW HITPOINT WARNING * * *
You hit Menkaure but do no damage.
Menkaure is almost destroyed.
Menkaure hits you!
You die...

#.# #.# #.# #.###
#.#### #....
#....#############
#.###
####........<....#
#.### #..############
#.|.. #..#
#..#..#########
#..#####..#..#^.......
#..hM♣.#..Y..########.
##(#####..#..# ##. #.#
#..#..# #####.. #[#
##'##### #......
#h####Y..# ##.###..
#...hpY.## #.#.# ##.
#######..###.##.# #.
#.#.#.###.####.
#.##...........


You could see a hog and Menkaure (fast).

Vanquished Creatures
  Eustachio (D:4)
  A hog (D:7)
  Edmund (D:4)
  2 phantoms
  Blork the orc (D:5)
  A gnoll sergeant (D:6)
  3 scorpions
  4 wights
  A jelly (D:5)
  A bullfrog zombie (D:6)
  A hound (D:6)
  2 bullfrog skeletons
  3 orc priests
  Natasha (thrice) (D:4)
  An iguana (D:6)
  5 orc wizards
  4 worker ants
  2 worker ant zombies
  7 gnolls
  8 adders
  2 white imps
  An ufetubus (D:5)
  An ooze (D:7)
  An adder zombie (D:7)
  2 adder skeletons
  2 worms (D:3)
  3 dart slugs
  4 leopard geckos
  10 orcs
  4 giant cockroaches
  7 goblins
  5 hobgoblins
  12 jackals
  4 quokkas
  10 bats
  5 frilled lizards
  8 kobolds
  2 quokka zombies
  19 rats
154 creatures vanquished.

Notes
Turn   | Place    | Note
-------+----------+-------------------------------------------
     0 | D:1      | KristoblXynda the Spriggan Berserker began the quest for
                  | the Orb.
     0 | D:1      | Reached XP level 1. HP: 11/11 MP: 2/2
    88 | D:1      | Reached skill level 1 in Stealth
   125 | D:1      | Reached XP level 2. HP: 11/16 MP: 3/3
   352 | D:1      | Found a glowing golden altar of the Shining One.
   752 | D:1      | Reached ** piety under Trog
   783 | D:1      | Reached XP level 3. HP: 18/19 MP: 4/4
  1073 | D:2      | Reached skill level 5 in Dodging
  1295 | D:2      | Reached XP level 4. HP: 23/23 MP: 5/5
  1738 | D:2      | Found a white marble altar of Elyvilon.
  1738 | D:2      | Found a shimmering blue altar of Sif Muna.
  1739 | D:2      | Found a sparkling altar of Nemelex Xobeh.
  1890 | D:2      | Found a snail-covered altar of Cheibriados.
  2578 | D:3      | Reached *** piety under Trog
  2670 | D:3      | Reached XP level 5. HP: 28/28 MP: 6/6
  3061 | D:3      | Reached XP level 6. HP: 32/32 MP: 7/7
  3071 | D:3      | Reached skill level 5 in Short Blades
  3071 | D:3      | Reached skill level 5 in Stealth
  3184 | D:3      | Found a burning altar of Makhleb.
  3196 | D:3      | Found a shadowy altar of Dithmenos.
  3742 | D:4      | Noticed Eustachio
  3756 | D:4      | Noticed Natasha
  3789 | D:4      | Killed Eustachio
  3789 | D:4      | Reached XP level 7. HP: 36/36 MP: 8/8
  3847 | D:4      | Killed Natasha
  3982 | D:4      | Noticed Natasha
  3994 | D:4      | Killed Natasha
  4092 | D:4      | Noticed Natasha
  4104 | D:4      | Killed Natasha
  4248 | D:4      | Noticed Edmund
  4278 | D:4      | Killed Edmund
  4356 | D:4      | Found a staircase to the Ecumenical Temple.
  4365 | Temple   | Entered the Ecumenical Temple
  4685 | D:5      | Entered Level 5 of the Dungeon
  4734 | D:5      | Noticed Blork the orc
  4739 | D:5      | Killed Blork the orc
  4786 | D:5      | Reached **** piety under Trog
  5123 | D:5      | Reached XP level 8. HP: 18/40 MP: 9/9
  5678 | D:5      | Found an ancient bone altar of Kikubaaqudgha.
  7082 | D:6      | Found a transporter.
  7083 | D:6      | Noticed Vruhakk's ghost (novice HOFi)
  7086 | D:6      | Identified the +8 dire flail of Crusades {pain, Int+4}
  7088 | D:6      | Found a transporter.
  7261 | D:7      | Found Tyov's Jewellery Shop.
  8120 | D:7      | Noticed Menkaure
  8148 | D:7      | Slain by Menkaure

Illustrated notes

Levels and vault maps discovered:
D:1:      dpeg_arrival_leaves_temple_mockup, layout_basic, tso_metal_star
D:2:      layout_rooms, chequers_temple_overflow_statue_of_worship,
          lemuel_crystal_altar, minmay_rat_gold_closets
D:3:      layout_loops_corners, amethyst_overflow_temple_binary
D:4:      layout_rooms, minmay_temple_entry_mist, grunt_ministairs_1,
          uniq_edmund, uniq_eustachio, uniq_natasha
D:5:      layout_basic, lemuel_doored_altar, uniq_blork_the_orc
D:6:      layout_gridville, gammafunk_ghost_smash
D:7:      layout_loops_ring, minivault_10, minmay_shop_enchanted_jewellery,
          grunt_livestock, uniq_menkaure
Temple:   nicolae_temple_figure_eight

Skill      XL: |  1  2  3  4  5  6  7  8 |
---------------+-------------------------+-----
Stealth        | 1 2 3 4 6 8 9 |  9.5
Dodging        | 5 6 7 8 9 |  9.8
Fighting       | 3 4 |  4.3
Short Blades   | 4 5 6 7 |  7.6

Action                   |  1- 3 |  4- 6 |  7- 9 || total
-------------------------+-------+-------+-------++-------
Melee: Short sword       |    83 |       |       ||    83
       Dagger            |    65 |   200 |   376 ||   641
Invok: Berserk           |     2 |     5 |     6 ||    13
  Use: Potion            |     2 |       |     3 ||     5
       Scroll            |       |     4 |    12 ||    16
 Stab: Sleeping          |     3 |    12 |    11 ||    26
Armor: Animal skin       |    14 |    14 |     7 ||    35
       Skin              |       |       |     8 ||     8
Dodge: Dodged            |   118 |   128 |   198 ||   444

Table legend: (Time is in decaauts)
 A = Elapsed time spent in this place.
 B = Non-inter-level travel time spent in this place.
 C = Inter-level travel time spent in this place.
 D = Time resting spent in this place.
 E = Time spent auto-exploring this place.
 F = Levels seen in this place.
 G = Mean time per level.
                   A        B        C        D        E       F      G
               +--------+--------+--------+--------+--------+-----+--------+
         Total |   6474 |   6415 |     59 |   2726 |   2364 |   8 |  809.2 |
       Dungeon |   6348 |   6296 |     52 |   2726 |   2246 |   7 |  906.9 |
        Temple |    126 |    120 |      6 |      0 |    118 |   1 |  126.0 |
               +--------+--------+--------+--------+--------+-----+--------+

Top non-repeatable levels by time:
     D:3: 1208 daAuts
     D:6: 1111 daAuts
     D:5: 897 daAuts
     D:2: 816 daAuts
     D:1: 797 daAuts
     D:4: 766 daAuts
     D:7: 749 daAuts
  Temple: 126 daAuts
